 Dungeon Crawl Stone Soup version 0.22.1-1-ga44c0e56f4 (webtiles) character file.

7546 Knicklaso the Thaumaturge (level 10, -5/82 HPs)
             Began as a Demonspawn Wizard on Oct 1, 2018.
             Slain by Erolcha
             ... wielding a +0 giant spiked club
              (27 damage)
             ... on level 10 of the Dungeon.
             The game lasted 00:45:30 (11577 turns).

Knicklaso the Thaumaturge (Demonspawn Wizard)      Turns: 11577, Time: 00:45:31

Health: -5/82      AC:  7    Str:  8      XL:     10   Next: 96%
Magic:  22/32      EV: 12    Int: 19 (23) God:
Gold:   435        SH:  0    Dex:  9 (11) Spells: 16/27 levels left

rFire    + . .     SeeInvis .     - Unarmed
rCold    . . .     Gourm    .   (no shield)
rNeg     . . .     Faith    .   a - +0 robe
rPois    +         Spirit   .   b - +0 hat
rElec    .         Reflect  .   D - +1 cloak
rCorr    .         Harm     .   (no gloves)
MR       .....     Rnd*Rage +   q - +0 pair of boots
Stlth    ++........             (no amulet)
HPRegen  0.23/turn              l - ring of magical power
MPRegen  0.23/turn              m - ring of poison resistance

@: hasted and slowed
A: claws 1, thin metallic scales 1, berserk 1, fire resistance 1, spiny 3, flame
cloud immunity
a: no special abilities


You were on level 10 of the Dungeon.
You were not hungry.

You visited 1 branch of the dungeon, and saw 10 of its levels.

You collected 630 gold pieces.
You spent 195 gold pieces at shops.

Inventory:

Armour
 a - a +0 robe (worn)
 b - a +0 hat (worn)
 q - a +0 pair of boots (worn)
 s - a scarf of spirit shield
 D - a +1 cloak (worn)
Jewellery
 c - a +1 ring of evasion {unknown}
 l - a ring of magical power (left claw)
 m - a ring of poison resistance (right claw)
 J - an uncursed ring of stealth {unknown}
 L - a +2 ring of dexterity
Wands
 A - a wand of iceblast (14)
 B - a wand of acid (7)
 H - a wand of paralysis (14)
 K - a wand of flame (8)
Scrolls
 e - 2 scrolls of magic mapping {unknown}
 h - 11 scrolls of identify {unknown}
 i - 2 scrolls of enchant weapon {unknown}
 r - a scroll of noise {unknown}
 v - 2 scrolls of fear {unknown}
 w - 5 scrolls of remove curse {unknown}
 x - 3 scrolls of immolation {unknown}
 y - 2 scrolls of teleportation {unknown}
 z - 2 scrolls of amnesia {unknown}
 F - a scroll of brand weapon {unknown}
 M - a scroll of blinking {unknown}
Potions
 f - 2 potions of degeneration {unknown}
 g - a potion of resistance {unknown}
 j - 4 potions of brilliance {unknown}
 k - 2 potions of lignification {unknown}
 n - 8 potions of curing
 o - a potion of magic {unknown}
 p - 2 potions of mutation {unknown}
 t - 3 potions of invisibility {unknown}
 C - a potion of heal wounds
 E - a potion of berserk rage {unknown}
 G - a potion of agility {unknown}
 I - a potion of flight {unknown}
 N - a potion of ambrosia {unknown}
Comestibles
 d - 14 rations
 O - 4 chunks of flesh


   Skills:
 + Level 8.4 Fighting
 - Level 1.7 Dodging
 - Level 1.7 Stealth
 * Level 7.8 Unarmed Combat
 + Level 9.0 Spellcasting
 - Level 6.1 Conjurations
 - Level 1.0 Summonings
 - Level 0.8 Translocations
 - Level 3.0 Air Magic
 - Level 2.0 Poison Magic


You had 16 spell levels left.
You knew the following spells:

 Your Spells              Type           Power        Failure   Level  Hunger
a - Magic Dart            Conj           ####         1%          1    None
b - Mephitic Cloud        Conj/Pois/Air  ###.....     5%          3    None
c - Call Imp              Summ           ##......     9%          2    None
d - Conjure Flame         Conj/Fire      ###.....     7%          3    None
e - Blink                 Tloc           N/A          9%          2    None

Your spell library contained the following spells:

 Spells                   Type           Power        Failure   Level  Hunger
 Summon Small Mammal      Summ           ##..         5%          1    None
 Apportation              Tloc           ##....       6%          1    None
 Animate Skeleton         Necr           N/A          9%          1    None
 Confusing Touch          Hex            #.....       9%          1    None
 Pain                     Necr           #...         9%          1    None
 Slow                     Hex            #.......     12%         2    None
 Gell's Gravitas          Tloc           ##........   17%         3    None
 Confuse                  Hex            #.......     24%         3    None
 Regeneration             Chrm/Necr      #.........   24%         3    None
 Vampiric Draining        Necr           #.........   24%         3    None
 Animate Dead             Necr           N/A          63%         4    ###....
 Petrify                  Tmut/Erth      #.......     63%         4    ###....
 Metabolic Englaciation   Hex/Ice        #.........   92%         5    #####..
 Yara's Violent Unravell  Hex/Tmut       #.........   92%         5    #####..


Dungeon Overview and Level Annotations

Branches:
Dungeon (10/15)            Temple (0/1) D:6            Lair (0/6) D:8
    Orc (0/2) D:9

Altars:
Dithmenos
Sif Muna

Shops:
D:5 *   D:6 }}!*   D:9 }

Annotations:
D:10 Erolcha


Innate Abilities, Weirdness & Mutations

You have sharp fingernails.
You are partially covered in thin metallic scales. (AC +2)
Your flesh is heat resistant. (rF+)
You are completely covered in sharp spines.
You are immune to clouds of flame.
You tend to lose your temper in combat.


Message History

Erolcha is lightly wounded.
You hear a shout!
Erolcha is engulfed in noxious fumes.
Erolcha barely misses you.
Erolcha is engulfed in noxious fumes.
Erolcha gestures at you while chanting. The bolt of cold hits you!
Erolcha is engulfed in noxious fumes.
Erolcha screams, "Lunch!"
Erolcha closely misses you.
You see here a sky beast corpse.
Erolcha screams, "Erolcha crush your head!"
Erolcha points at you and mumbles some strange words.
You resist with some effort.
The crimson imp blinks!
Erolcha is struck by your spines.
Erolcha hits you with a giant spiked club!
* * * LOW HITPOINT WARNING * * *
You feel yourself speed up. Erolcha closely misses you.
Erolcha is struck by your spines.
Erolcha hits you with a giant spiked club!!
You die...

####.##.###.#
.........##.##
#.........#
#.....##..#
#..)......#
#.#######.# #. #5# #
#O# #@# ###### #.#
#..... ##.## #.####
##.#.## #.#
##.###.####### #)#
#.## ##......###.####
##.###.#......)......
#..#.#.....)###)####
##.#.#..(....##......


You could see Erolcha and a crimson imp.

Vanquished Creatures
  Harold (D:7)
  The ghost of joohan1 the Basher, a novice MiBe of Trog (D:9)
  A troll (D:9)
  Grinder (D:3)
  Prince Ribbit (D:8)
  A spriggan (D:10)
  Grum (D:9)
  A hungry ghost (D:9)
  A neqoxec (D:9)
  3 water moccasins
  3 porcupines (D:8)
  4 ice beasts
  3 sky beasts
  9 ogres
  4 wolves (D:9)
  5 phantoms
  A centaur (D:8)
  A crocodile (D:8)
  A big kobold (D:7)
  10 bullfrogs
  A gnoll sergeant (D:8)
  A wyvern zombie (D:9)
  3 scorpions
  3 wights (D:7)
  A howler monkey (D:6)
  3 bullfrog zombies
  7 crimson imps
  5 orc wizards
  3 quasits (D:9)
  3 hounds
  4 orc priests
  2 bullfrog skeletons
  4 iguanas
  4 worker ants
  6 ogre zombies (D:9)
  A hound zombie (D:6)
  3 hound skeletons
  9 gnolls
  4 adders
  2 oozes
  2 adder zombies
  2 adder skeletons
  A worm (D:6)
  A dart slug (D:4)
  4 leopard geckos
  17 orcs
  4 giant cockroaches
  2 goblins (D:1)
  10 hobgoblins
  28 jackals
  12 kobolds
  6 quokkas
  A ball python (D:3)
  11 bats
  5 frilled lizards
  7 goblin zombies (D:9)
  3 hobgoblin zombies (D:9)
  A leopard gecko skeleton (D:5)
  A leopard gecko zombie (D:8)
  An orc skeleton (D:9)
  8 orc zombies (D:9)
  6 rats
255 creatures vanquished.

Vanquished Creatures (collateral kills)
  2 gnolls (D:5)
2 creatures vanquished.

Vanquished Creatures (others)
  9 fungi (D:8)
  A plant (D:5)
10 creatures vanquished.

Grand Total: 267 creatures vanquished

Notes
Turn   | Place    | Note
-------+----------+-------------------------------------------
     0 | D:1      | Knicklaso the Demonspawn Wizard began the quest for the
                  | Orb.
     0 | D:1      | Reached XP level 1. HP: 13/13 MP: 4/4
   408 | D:1      | Gained mutation: You are partially covered in thin metallic
                  | scales. (AC +2) [demonic ancestry]
   408 | D:1      | Reached XP level 2. HP: 19/19 MP: 0/6
   856 | D:1      | Gained mutation: You are partially covered in sharp spines.
                  | [demonic ancestry]
   856 | D:1      | Reached XP level 3. HP: 17/24 MP: 0/7
  1250 | D:1      | Learned a level 3 spell: Mephitic Cloud
  1253 | D:1      | Learned a level 2 spell: Call Imp
  1256 | D:1      | Learned a level 2 spell: Blink
  1550 | D:2      | Reached XP level 4. HP: 15/30 MP: 0/9
  2108 | D:3      | Noticed Grinder
  2583 | D:3      | Reached XP level 5. HP: 34/35 MP: 0/10
  2832 | D:3      | Paralysed by Grinder for 6 turns
  2908 | D:3      | Killed Grinder
  2908 | D:3      | Reached skill level 4 in Spellcasting
  2908 | D:3      | Reached skill level 5 in Conjurations
  2908 | D:3      | Gained mutation: You are mostly covered in sharp spines.
                  | [demonic ancestry]
  2908 | D:3      | Reached XP level 6. HP: 18/41 MP: 4/12
  4062 | D:4      | Found a shadowy altar of Dithmenos.
  4260 | D:4      | Reached skill level 1 in Fighting
  4260 | D:4      | Reached skill level 1 in Poison Magic
  4415 | D:4      | Reached skill level 1 in Air Magic
  4415 | D:4      | Gained mutation: Your flesh is heat resistant. (rF+)
                  | [demonic ancestry]
  4415 | D:4      | Reached XP level 7. HP: 48/48 MP: 2/13
  4936 | D:5      | Entered Level 5 of the Dungeon
  5214 | D:5      | Learned a level 3 spell: Conjure Flame
  5705 | D:5      | Reached skill level 5 in Spellcasting
  5827 | D:5      | Gained mutation: You are immune to clouds of flame.
                  | [demonic ancestry]
  5827 | D:5      | Reached XP level 8. HP: 57/57 MP: 0/15
  6050 | D:5      | Found Nuelutip's Assorted Antiques.
  6364 | D:6      | Found Hadafaeh's Distillery.
  6423 | D:6      | Bought a potion of heal wounds for 65 gold pieces
  6423 | D:6      | Bought a potion of haste for 130 gold pieces
  6521 | D:6      | Found a staircase to the Ecumenical Temple.
  6629 | D:6      | Found Cude's General Store.
  6710 | D:6      | Found Nibb's Gadget Shop.
  6769 | D:6      | Found Zuc Weogh's Gadget Shoppe.
  6852 | D:6      | Reached skill level 6 in Spellcasting
  7126 | D:7      | Reached skill level 5 in Fighting
  7574 | D:7      | Reached skill level 7 in Spellcasting
  7574 | D:7      | Gained mutation: You have sharp fingernails. [demonic
                  | ancestry]
  7574 | D:7      | Reached XP level 9. HP: 60/69 MP: 18/19
  7668 | D:7      | Reached skill level 1 in Unarmed Combat
  7720 | D:7      | Found a deep blue altar of Sif Muna.
  7744 | D:7      | Noticed Harold
  7777 | D:7      | Killed Harold
  8419 | D:8      | Noticed Prince Ribbit
  8427 | D:8      | Killed Prince Ribbit
  8655 | D:8      | Reached skill level 5 in Unarmed Combat
  8743 | D:8      | Reached skill level 8 in Spellcasting
  8789 | D:8      | Gained mutation: You are completely covered in sharp
                  | spines. [demonic ancestry]
  8789 | D:8      | Reached XP level 10. HP: 79/79 MP: 22/22
  9082 | D:8      | Found a staircase to the Lair.
  9664 | D:9      | Noticed Grum
  9676 | D:9      | Killed Grum
  9851 | D:9      | Found a staircase to the Orcish Mines.
  9994 | D:9      | Found a transporter.
  9997 | D:9      | Noticed joohan1's ghost (novice MiBe)
 10014 | D:9      | Found a transporter.
 10287 | D:9      | Found Vaaquzof's Gadget Shop.
 10744 | D:9      | Gained mutation: You tend to lose your temper in combat. [a
                  | neqoxec]
 11168 | D:9      | Killed joohan1's ghost
 11362 | D:10     | Entered Level 10 of the Dungeon
 11383 | D:10     | Reached skill level 9 in Spellcasting
 11563 | D:10     | Noticed Erolcha
 11577 | D:10     | Slain by Erolcha

Skill      XL: |  1  2  3  4  5  6  7  8  9 10 |
---------------+-------------------------------+-----
Conjurations   | 2 3 4 5 6 |  6.1
Spellcasting   | 4 5 7 8 9 |  9.0
Fighting       | 1 2 5 7 8 |  8.4
Poison Magic   | 1 2 |  2.0
Air Magic      | 1 2 3 |  3.0
Unarmed Combat | 5 7 |  7.8
Dodging        | |  1.7
Stealth        | |  1.7
Summonings     | |  1.0
Translocations | |  0.8

Action                   |  1- 3 |  4- 6 |  7- 9 | 10-12 || total
-------------------------+-------+-------+-------+-------++-------
Melee: Whip              |    47 |    10 |    36 |       ||    93
       Short sword       |       |       |    13 |     3 ||    16
       Unarmed           |       |       |       |   134 ||   134
       Punch             |       |       |       |     4 ||     4
 Cast: Magic Dart        |    83 |   123 |   379 |   218 ||   803
       Mephitic Cloud    |       |     4 |    10 |    10 ||    24
       Call Imp          |       |     2 |     7 |     8 ||    17
       Conjure Flame     |       |       |     2 |    16 ||    18
       Blink             |       |       |       |     3 ||     3
  Use: Potion            |       |     1 |       |     3 ||     4
 Stab: Distracted        |       |       |     1 |     1 ||     2
  Eat: Chunk             |     2 |     5 |    14 |     6 ||    27
       Ration            |       |     1 |       |     1 ||     2
Armor: Robe              |    25 |     2 |    37 |    47 ||   111
Dodge: Dodged            |    52 |    16 |    85 |    89 ||   242
